 Dungeon Crawl Stone Soup version 0.20-a0-642-g4ff03ff (webtiles) character file.

14889 nubinia the Thaumaturge (level 11, 0/59 HPs)
             Began as a Deep Elf Earth Elementalist on Feb 13, 2017.
             Was a High Priest of Sif Muna.
             Slain by a black mamba (8 damage)
             ... on level 1 of the Lair of Beasts on Feb 14, 2017.
             The game lasted 01:20:25 (16252 turns).

nubinia the Thaumaturge (DEEE)                     Turns: 16252, Time: 01:20:27

Health: 0/59       AC:  8    Str:  7    XL:     11   Next: 94%
Magic:  20/39      EV: 15    Int: 23    God:    Sif Muna [*****.]
Gold:   684        SH:  0    Dex: 16    Spells: 18/37 levels left

rFire    . . .     SeeInvis .   a - +1 dagger (venom)
rCold    . . .     Gourm    .   G - +2 robe {Archmagi}
rNeg     . . .     Faith    .   (no shield)
rPois    .         Spirit   .   f - +1 helmet
rElec    .         Reflect  .   (no cloak)
rCorr    .         Harm     .   (no gloves)
MR       +....     Rnd*Rage +   E - +0 pair of boots
Stlth    +++++.....             (no amulet)
Regen    0.2/turn               g - ring of magical power
MPRegen  0.3/turn               n - ring of stealth

@: lethally poisoned (0 -> -34), divine energy
A: berserk 1, shaggy fur 1, strong 1, wild magic 1
a: Stop Divine Energy, Channel Magic, Forget Spell, Renounce Religion


You were on level 1 of the Lair of Beasts.
You worshipped Sif Muna.
Sif Muna was extremely pleased with you.
You were not hungry.

You visited 3 branches of the dungeon, and saw 12 of its levels.
You also visited: Sewer.

You collected 684 gold pieces.

Inventory:

Hand Weapons
 a - a +1 dagger of venom (weapon)
 b - a +0 blowgun
 h - a +0 short sword of holy wrath
 j - a +1 short sword of speed
Missiles
 i - 253 stones (quivered)
 l - 49 poisoned needles
 Q - 8 curare-tipped needles
Armour
 f - a +1 helmet (worn)
 E - a +0 pair of boots (worn)
 G - a +2 robe of the Archmagi (worn)
 P - a +3 leather armour
Jewellery
 g - a ring of magical power (right hand)
 n - a ring of stealth (left hand)
 R - an uncursed ring of protection from fire
 Y - an uncursed ring of ice
 Z - an uncursed ring of see invisible
Wands
 u - a wand of lightning (9/15)
 C - a wand of lightning (6/15)
 M - a wand of clouds (6/9)
 N - a wand of digging (4/24)
 V - a wand of flame (19/48)
Scrolls
 c - a scroll of blinking
 d - 2 scrolls of magic mapping
 e - a scroll of enchant armour
 t - a scroll of fear
 y - 3 scrolls of enchant weapon
 D - 3 scrolls of remove curse
 F - a scroll of recharging
 H - 5 scrolls of identify
 J - 6 scrolls of teleportation
 W - a scroll of fog
Potions
 k - a potion of flight
 o - 4 potions of agility
 p - 5 potions of curing
 r - 2 potions of might
 s - 3 potions of heal wounds
 v - 2 potions of invisibility
 x - a potion of lignification
 A - 2 potions of ambrosia
 B - 2 potions of haste
 O - a potion of resistance
 S - a potion of magic
 X - a potion of mutation
Books
 I - a book of Cantrips

   Spells                             Type                      Level
   a - Confusing Touch                Hexes                        1
   b - Animate Skeleton               Necromancy                   1
   c - Summon Small Mammal            Summoning                    1
   d - Apportation                    Translocation                1
Comestibles
 m - 8 meat rations
 q - a royal jelly
 w - 4 chunks of flesh
 z - 10 bread rations
 K - 6 fruits


   Skills:
 + Level 2.8 Fighting
 + Level 3.8 Short Blades
 - Level 3.2 Throwing
 + Level 5.0 Dodging
 + Level 8.2 Stealth
 * Level 13.7 Spellcasting
 * Level 9.1 Conjurations
 * Level 3.7 Charms
 + Level 1.4 Transmutations
 + Level 3.1 Air Magic
 * Level 10.6 Earth Magic


You had 18 spell levels left.
You knew the following spells:

 Your Spells              Type           Power        Failure   Level  Hunger
a - Shock                 Conj/Air       ####         1%          1    None
b - Stone Arrow           Conj/Erth      ######       1%          3    None
c - Petrify               Tmut/Erth      ######..     8%          4    None
d - Sandblast             Erth           ######       1%          1    None
l - Lee's Rapid Deconstr  Erth           #######...   2%          5    ###....
p - Passwall              Tmut/Erth      ######....   1%          2    None
s - Swiftness             Chrm/Air       ######..     2%          2    None
S - Animate Skeleton      Necr           N/A          8%          1    None


Dungeon Overview and Level Annotations

Branches:
Dungeon (10/15)            Temple (1/1) D:4            Lair (1/6) D:10
    Orc (0/2) D:10

Altars:
Ashenzari
Dithmenos
Elyvilon
Fedhas
Gozag
Hepliaklqana
Kikubaaqudgha
Makhleb
Qazlal
Ru
Sif Muna
Trog
Uskayaw
Vehumet
Xom
Yredelemnul
Zin
The Shining One

Shops:
D:8 (   D:9 ?

Portals:
Trove: D:10 (give 17 potions of curing)

Annotations:
D:2 Sigmund
D:3 Grinder
Lair:1 Gastronok


Innate Abilities, Weirdness & Mutations

You tend to lose your temper in combat.
You are covered in fur. (AC +1)
Your muscles are strong. (Str +2)
Your spells are a little harder to cast, but a little more powerful.


Message History

You feel sick. The black mamba bites you!
* * * LOW HITPOINT WARNING * * *
You are lethally poisoned!
The black mamba poisons you! The black mamba bites you!
* * * LOW HITPOINT WARNING * * *
Unknown command.
Unknown command.
Unknown command.
Casting: Stone Arrow
Confirm with . or Enter, or press ? or * to list all spells.
Aiming: Stone Arrow
Press: ? - help, Shift-Dir - straight line, f/p - black mamba
Aim: a black mamba (almost dead)
You feel a surge of power!
The stone arrow misses the black mamba.
The stone arrow hits the yak.
The yak is almost dead.
* * * LOW HITPOINT WARNING * * *
You feel very sick. The black mamba misses you. The black mamba bites you!
You die...

....#####......♣............# ##
†...# #..................## #.
....# .#..................#####.
...P#...#.................###.#..
....##'##....S...###.#...## ##...
.............YS♣########..# #....
.......P.Y..YYY##.##.###.####....
P...†..Y...Z.♣♣S#...[.##.#.##....
......P......♣..@.†.........#....
P............♣P##P...............
..♣......♣♣.### ##........##.###.
#.......♣♣PS ##.......#### ##
#.......###. #........## #
#....#..# #. ##........# ###
#######.# .. #.......####.. ..#
###.....###... ## ##....##....


You could see a death yak, a black mamba, 2 yaks and 2 water moccasins.

Vanquished Creatures
  Harold (D:10)
  2 hydras (Lair:1)
  2 two-headed ogres
  The ghost of tsouns the Basher, a novice KoFi of Gozag (D:7)
  A centaur zombie (D:10)
  A black mamba (Lair:1)
  3 spiny frogs (Lair:1)
  2 komodo dragons
  A merfolk (D:9)
  A hornet (D:9)
  Prince Ribbit (D:7)
  A spriggan (Lair:1)
  16 yaks
  A wyvern (D:10)
  2 hungry ghosts
  A basilisk (Lair:1)
  A steam dragon (D:8)
  5 water moccasins
  A porcupine (Lair:1)
  A hornet zombie (D:6)
  3 sky beasts
  2 orc warriors
  4 ice beasts
  2 black bears
  2 phantoms
  An ogre (D:6)
  A centaur (D:9)
  3 crocodiles
  6 big kobolds
  Blork the orc (D:4)
  3 bullfrogs
  A water moccasin skeleton (D:9)
  5 scorpions
  4 wights (D:10)
  5 howler monkeys
  A bullfrog zombie (D:10)
  2 jellies
  7 hounds
  5 orc wizards
  7 orc priests
  A bullfrog skeleton (D:8)
  Natasha (twice) (D:2)
  Terence (D:3)
  5 iguanas
  9 worker ants
  8 ogre zombies (D:10)
  A hound zombie (D:8)
  A hound skeleton (D:6)
  21 adders
  4 gnolls
  A howler monkey skeleton (D:6)
  3 river rats (Sewer)
  4 oozes
  3 adder skeletons
  2 worms
  2 dart slugs
  8 leopard geckos
  21 orcs
  9 ball pythons
  8 giant cockroaches
  8 goblins
  11 hobgoblins
  15 jackals
  5 quokkas
  4 bats
  6 frilled lizards
  A goblin skeleton (D:10)
  5 goblin zombies (D:10)
  3 hobgoblin zombies (D:10)
  37 kobolds
  3 orc skeletons (D:10)
  12 orc zombies (D:10)
  32 rats
  A spectral orc (D:5)
367 creatures vanquished.

Vanquished Creatures (collateral kills)
  An adder (Lair:1)
1 creature vanquished.

Vanquished Creatures (others)
  4 bushes (Lair:1)
  4 fungi
  12 plants (Lair:1)
20 creatures vanquished.

Grand Total: 388 creatures vanquished

Notes
Turn   | Place    | Note
-------+----------+-------------------------------------------
     0 | D:1      | nubinia the Deep Elf Earth Elementalist began the quest for the Orb.
     0 | D:1      | Reached XP level 1. HP: 10/10 MP: 6/6
   169 | D:1      | Reached XP level 2. HP: 15/15 MP: 6/8
  1380 | D:1      | Reached XP level 3. HP: 18/19 MP: 10/10
  2245 | D:1      | Learned a level 2 spell: Passwall
  2249 | D:1      | Learned a level 3 spell: Stone Arrow
  2338 | D:2      | Noticed Sigmund
  2390 | D:2      | Found a blossoming altar of Fedhas.
  2394 | D:2      | Found a stormy altar of Qazlal.
  2813 | D:2      | Found a faded altar of an unknown god.
  3791 | D:2      | Noticed Natasha
  3817 | D:2      | Killed Natasha
  3817 | D:2      | Reached skill level 1 in Short Blades
  3817 | D:2      | Reached skill level 4 in Spellcasting
  3817 | D:2      | Reached XP level 4. HP: 16/24 MP: 8/12
  3993 | D:2      | Noticed Natasha
  3999 | D:2      | Killed Natasha
  4265 | D:3      | Reached skill level 1 in Fighting
  4418 | D:3      | Noticed Terence
  4437 | D:3      | Killed Terence
  4437 | D:3      | Reached XP level 5. HP: 27/29 MP: 9/13
  4622 | D:3      | Found a glowing drain.
  4626 | Sewer    | Entered a sewer
  4769 | Sewer    | Reached skill level 1 in Conjurations
  4774 | Sewer    | Reached XP level 6. HP: 19/34 MP: 2/14
  6024 | Sewer    | Upgraded the game from 0.20-a0-641-g673355a to 0.20-a0-642-g4ff03ff
  6330 | D:3      | Noticed Grinder
  7168 | D:3      | Reached XP level 7. HP: 36/39 MP: 15/15
  7185 | D:4      | Found a staircase to the Ecumenical Temple.
  7262 | Temple   | Entered the Ecumenical Temple
  7274 | Temple   | Reached skill level 5 in Earth Magic
  7347 | Temple   | Became a worshipper of Sif Muna the Loreminder
  7573 | D:4      | Reached skill level 5 in Stealth
  7619 | D:4      | Noticed Blork the orc
  7743 | D:4      | Killed Blork the orc
  7743 | D:4      | Reached skill level 5 in Spellcasting
  8018 | D:5      | Entered Level 5 of the Dungeon
  8329 | D:5      | Reached * piety under Sif Muna
  8329 | D:5      | Reached skill level 6 in Spellcasting
  8329 | D:5      | Reached XP level 8. HP: 44/44 MP: 19/19
  8434 | D:5      | Found a basalt altar of Yredelemnul.
  8491 | D:5      | Reached skill level 1 in Throwing
  8848 | D:5      | Found a white marble altar of Elyvilon.
  9540 | D:6      | Learned a level 4 spell: Petrify
  9546 | D:6      | Learned a level 5 spell: Lee's Rapid Deconstruction
  9559 | D:6      | Found a burning altar of Makhleb.
  9671 | D:6      | Reached skill level 7 in Spellcasting
  9717 | D:6      | Learned a level 1 spell: Shock
 10049 | D:6      | Reached ** piety under Sif Muna
 10049 | D:6      | Reached skill level 5 in Conjurations
 10186 | D:6      | Reached XP level 9. HP: 49/49 MP: 21/21
 10555 | D:7      | Noticed Prince Ribbit
 10560 | D:7      | Killed Prince Ribbit
 10583 | D:7      | Noticed tsouns's ghost (novice KoFi)
 10694 | D:7      | Found a shadowy altar of Dithmenos.
 10742 | D:7      | Killed tsouns's ghost
 10742 | D:7      | Reached skill level 1 in Air Magic
 10814 | D:7      | Found a bloodstained altar of Trog.
 10840 | D:7      | Reached skill level 8 in Spellcasting
 11434 | D:8      | Noticed a two-headed ogre
 11437 | D:8      | Killed a two-headed ogre
 11437 | D:8      | Reached *** piety under Sif Muna
 11437 | D:8      | Reached skill level 9 in Spellcasting
 11437 | D:8      | Reached XP level 10. HP: 54/54 MP: 23/25
 11529 | D:8      | Found Kuprov's Antique Weapon Emporium.
 12362 | D:9      | Reached skill level 10 in Spellcasting
 12452 | D:9      | Found Feadere's Magic Scroll Shop.
 12483 | D:9      | Noticed a two-headed ogre
 12500 | D:9      | Killed a two-headed ogre
 12561 | D:9      | Reached **** piety under Sif Muna
 12726 | D:9      | Reached skill level 11 in Spellcasting
 12791 | D:9      | Found a sacrificial altar of Ru.
 13502 | D:9      | Reached ***** piety under Sif Muna
 13552 | D:9      | Found an ancient bone altar of Kikubaaqudgha.
 13701 | D:9      | Reached XP level 11. HP: 44/59 MP: 27/28
 13829 | D:10     | Entered Level 10 of the Dungeon
 13966 | D:10     | Found a staircase to the Orcish Mines.
 14132 | D:10     | Reached skill level 12 in Spellcasting
 14353 | D:10     | Identified Sif Muna's Volume of Attacks and Transformation (Sif Muna gifted it to you on level 10 of the Dungeon)
 14353 | D:10     | Received a gift from Sif Muna
 14361 | D:10     | Learned a level 2 spell: Swiftness
 14415 | D:10     | Found a staircase to the Lair.
 14487 | D:10     | Found a basalt altar of Yredelemnul.
 14568 | D:10     | Noticed Harold
 14631 | D:10     | Killed Harold
 14631 | D:10     | Reached skill level 1 in Charms
 14824 | D:10     | Reached skill level 5 in Dodging
 14935 | D:10     | Found a portal to a secret trove of treasure.
 15028 | D:10     | Gained mutation: Your muscles are strong. (Str +2) [potion of mutation]
 15028 | D:10     | Gained mutation: Your spells are a little harder to cast, but a little more powerful. [potion of mutation]
 15028 | D:10     | Gained mutation: You tend to lose your temper in combat. [potion of mutation]
 15028 | D:10     | Gained mutation: You are covered in fur. (AC +1) [potion of mutation]
 15066 | Lair:1   | Entered Level 1 of the Lair of Beasts
 15177 | Lair:1   | Noticed Gastronok
 15207 | Lair:1   | Noticed an eight-headed hydra
 15221 | Lair:1   | Killed an eight-headed hydra
 15221 | Lair:1   | Reached skill level 10 in Earth Magic
 15226 | Lair:1   | Noticed a seven-headed hydra
 15227 | Lair:1   | Killed a seven-headed hydra
 15227 | Lair:1   | Reached skill level 13 in Spellcasting
 15234 | Lair:1   | Noticed a six-headed hydra
 15869 | Lair:1   | Found a hide-covered altar of Uskayaw.
 15971 | Lair:1   | Noticed a death yak
 16136 | Lair:1   | Learned a level 1 spell: Animate Skeleton
 16252 | Lair:1   | Slain by a black mamba

Vault maps used:
D:1:      minmay_arrival_loop
D:2:      grunt_temple_overflow_forces_of_nature,
          chequers_ecumenical_altar_simple, uniq_crazy_yiuf_cottage,
          uniq_natasha, uniq_sigmund
D:3:      gup_sewer_entry_spiral, uniq_grinder, uniq_terence
D:4:      temple_statues, uniq_blork_the_orc
D:5:      lemuel_crystal_altar, yredelemnul_forgotten_temple_becter,
          first_bread, nrook_mini_backslash
D:6:      basic_altar, hangedman_abyss_or_decor_lesser_grid
D:7:      chequers_temple_overflow_statue_of_worship, uniq_prince_ribbit1
D:8:      serial_shops, shop
D:9:      lemuel_doored_altar, basic_altar, serial_shops, shop_statue,
          hangedman_fish_farm
D:10:     lair_entry_dummy, zombieorc2_lemuel, basic_altar,
          nicolae_trove_entry_crossroad, uniq_harold
Temple:   zaba_magenta_temple
Lair:1:   minmay_guarded_unrand_snakebite, basic_altar,
          grunt_forest_large_clearing_hut, lemuel_fruit_fields,
          serial_bayou_shore_b, serial_bayou_shore_b, uniq_gastronok
Sewer:    sewer_minmay_treatment

Skill      XL: |  1  2  3  4  5  6  7  8  9 10 11 |
---------------+----------------------------------+-----
Earth Magic    | 4 5 6 8 9 10 | 10.6
Short Blades   | 1 2 3 |  3.8
Dodging        | 3 4 5 |  5.0
Spellcasting   | 4 6 7 9 11 13 | 13.7
Fighting       | 1 2 |  2.8
Stealth        | 3 4 5 6 7 8 |  8.2
Conjurations   | 1 3 5 6 7 9 |  9.1
Throwing       | 2 3 |  3.2
Air Magic      | 1 2 3 |  3.1
Charms         | 3 |  3.7
Transmutations | |  1.4

Action                   |  1- 3 |  4- 6 |  7- 9 | 10-12 || total
-------------------------+-------+-------+-------+-------++-------
Melee: Unarmed           |     2 |       |       |       ||     2
       Dagger            |   234 |   182 |   116 |   121 ||   653
       Short sword       |       |    18 |       |       ||    18
 Fire: Blowgun           |       |       |    30 |     7 ||    37
 Cast: Sandblast         |    22 |    11 |       |    14 ||    47
       Stone Arrow       |     9 |    33 |    93 |   132 ||   267
       Shock             |       |       |     4 |   181 ||   185
       Petrify           |       |       |       |     6 ||     6
       Lee's Rapid Decon |       |       |       |     7 ||     7
       Animate Skeleton  |       |       |       |     3 ||     3
Invok: Divine Energy     |       |       |     1 |       ||     1
  Use: Scroll            |     1 |     4 |    14 |     4 ||    23
       Potion            |       |     4 |     1 |     1 ||     6
 Stab: Sleeping          |     1 |    19 |    19 |     7 ||    46
       Petrified         |       |       |       |     6 ||     6
  Eat: Chunk             |    10 |     8 |    15 |    14 ||    47
       Bread ration      |       |     1 |       |       ||     1
       Royal jelly       |       |       |       |     1 ||     1
Armor: Robe              |    38 |    25 |    28 |    30 ||   121
Dodge: Dodged            |   162 |   134 |    86 |    80 ||   462
